 Dungeon Crawl Stone Soup version 0.29.0-11-gd7f09526c8 (webtiles) character file.

Game seed: 1536444020644556347

39725 sanka the Impaler (level 14, -1/115 HPs)
             Began as a Ghoul Enchanter on Sept 4, 2022.
             Was an Elder of Makhleb.
             Slain by a sixfirhy (12 damage)
             ... led by a cacodemon
             ... on level 2 of the Abyss.
             The game lasted 00:29:10 (16603 turns).

sanka the Impaler (Ghoul Enchanter)                Turns: 16603, Time: 00:29:11

Health: -1/115     AC: 12    Str: 14 (17) XL:     14   Next: 7%
Magic:  24/24      EV: 15    Int: 13      God:    Makhleb [****..]
Gold:   826        SH:  0    Dex:  9      Spells: 16/16 levels left

rFire   . . .      SeeInvis +   C - +7 halberd of Feicaux {freeze, rPois Int+3 SInv}
rCold   + . .      Faith    .   (shield currently unavailable)
rNeg    + + +      Spirit   .   d - +3 leather armour
rPois   ∞          Reflect  .   A - +1 helmet
rElec   .          Harm     .   y - +0 cloak
rCorr   .          Rampage  .   M - +1 pair of gloves
Will    +....                   z - +0 pair of boots
Stlth   ++........              (no amulet)
HPRegen 0.00/turn               x - +4 ring of slaying
MPRegen 0.19/turn               e - +4 ring of evasion

@: inhibited regen
A: claws 1, cold resistance 1, negative energy resistance 3, inhibited
regeneration, torment resistance 2, devour on kill
a: Renounce Religion, Minor Destruction, Lesser Servant of Makhleb, Major
Destruction


You were on level 2 of the Abyss.
You worshipped Makhleb.
Makhleb was greatly pleased with you.
You visited 1 branch of the dungeon, and saw 15 of its levels.
You visited the Abyss 1 time.

You collected 1060 gold pieces.
You spent 234 gold pieces at shops.


Innate Abilities, Weirdness & Mutations

You are immune to poison.
You have sharp fingernails.
Your flesh is cold resistant. (rC+)
You are immune to negative energy. (rN+++)
You do not regenerate when monsters are visible.
You are immune to unholy pain and torment.
You thrive by killing the living.


   Skills:
 - Level 8.0 Fighting
 - Level 0.8 Short Blades
 - Level 16.0 Polearms
 - Level 2.1 Armour
 - Level 1.7 Dodging
 - Level 3.2 Stealth
 - Level 1.7 Spellcasting
 - Level 2.4 Hexes
 + Level 15.6 Invocations


You had 16 spell levels left.
You didn't know any spells.
Your spell library contained the following spells:

 Spells                   Type           Power      Damage    Failure   Level
 Ensorcelled Hibernation  Hex/Ice        8%         N/A       30%         2
 Shock                    Conj/Air       4%         1d3       32%         1
 Confusing Touch          Hex            7%         N/A       34%         3
 Tukima's Dance           Hex            7%         N/A       34%         3
 Poisonous Vapours        Pois/Air       2%         N/A       43%         2
 Scorch                   Fire           2%         2d5       43%         2
 Static Discharge         Conj/Air       1%         3-4/arc   43%         2
 Dazzling Flash           Conj/Hex       8%         N/A       52%         3
 Swiftness                Air            1%         N/A       67%         3
 Airstrike                Air            0%         2d(1-17)  97%         4
 Corpse Rot               Necr/Pois/Air  1%         N/A       97%         4
 Dispel Undead            Necr           1%         3d6       97%         4
 Flame Wave               Conj/Fire      1%         2d4       97%         4
 Hailstorm                Conj/Ice       1%         3d3       97%         4
 Sticky Flame             Conj/Fire      1%         2d3       97%         4
 Summon Mana Viper        Hex/Summ       4%         N/A       99%         5
 Lightning Bolt           Conj/Air       0%         1d11      100%        5
 Summon Forest            Summ/Tloc      0%         N/A       100%        5
 Simulacrum               Ice/Necr       0%         N/A       100%        6
 Summon Cactus Giant      Summ           0%         N/A       100%        6
 Maxwell's Capacitive Co  Air            0%         ∞         100%        8
 Ice Form                 Ice/Tmut       Unusable   N/A       N/A         4

Inventory:

Hand Weapons
 b - the +2 trident "Vifreud" {drain, Drain rElec rPois Str+5} A truly terrible weapon, it drains the life of any living foe it strikes. Str: It affects your strength (+5). rElec: It insulates you from electricity. rPois: It protects you from poison. Drain: It drains your maximum health when unequipped.
 p - a +2 scimitar of distortion
 C - the +7 halberd of Feicaux (weapon) {freeze, rPois Int+3 SInv}

   It freezes those it strikes, dealing additional cold damage.
   It can also slow down cold-blooded creatures.
   Int:       It affects your intelligence (+3).
   rPois:     It protects you from poison.
   SInv:      It lets you see invisible.
 Q - a +0 glaive of protection
Missiles
 N - 3 throwing nets {=f}
Armour
 d - a +3 leather armour (worn)
 y - a +0 cloak (worn)
 z - a +0 pair of boots (worn)
 A - a +1 helmet (worn)
 M - a +1 pair of gloves (worn)
Magical Staves
 I - a staff of cold
 L - a staff of fire
Jewellery
 a - a ring of protection from cold
 e - a +4 ring of evasion (right hand)
 x - a +4 ring of slaying (left hand)
 B - a ring of see invisible
 S - a ring of protection from cold
 U - a ring of magical power
 Z - a +4 ring of protection
Wands
 s - a wand of digging (1)
 G - a wand of iceblast (12)
 O - a wand of flame (24)
 W - a wand of polymorph (4)
Scrolls
 g - 7 scrolls of amnesia
 h - a scroll of immolation {!r}
 i - 7 scrolls of teleportation {@r4}
 k - 2 scrolls of poison
 m - 5 scrolls of magic mapping
 n - a scroll of vulnerability {!r}
 o - a scroll of fear
 t - 2 scrolls of enchant weapon
 w - 5 scrolls of enchant armour
 F - 3 scrolls of noise {!r}
 H - 5 scrolls of butterflies
 P - 2 scrolls of torment
Potions
 c - 3 potions of invisibility
 f - 4 potions of curing {@q1}
 j - 3 potions of might
 q - 3 potions of flight
 r - a potion of haste {unknown}
 u - 4 potions of heal wounds {@q2}
 v - 3 potions of mutation {unknown}
 D - 3 potions of brilliance {unknown}
 J - a potion of ambrosia {unknown}
 K - 2 potions of attraction {unknown}
 R - 2 potions of degeneration {unknown}
 T - a potion of resistance {unknown}
 X - a potion of magic {unknown}
 Y - a potion of cancellation {unknown}

Dungeon Overview and Level Annotations

Branches:
Dungeon (15/15)            Temple (0/1) D:6            Lair (0/5) D:10
    Orc (0/2) D:11         Vaults (0/5) D:13
 Depths: D:15

Altars:
Cheibriados
Dithmenos
Gozag
Hepliaklqana
Kikubaaqudgha
Makhleb
Ru
Vehumet
Wu Jian
Xom
Yredelemnul

Shops:
D:3 (*:(   D:7 *   D:8 [

Annotations:
D:2 Sigmund
D:10 exclusion: downstairs
D:11 exclusion: downstairs

▒ .. ..▒
▒..▒..▒ ... ▒
▒ .▒▒..▒▒▒ .
▒.▒...▒.▒ ▒.
▒.....L3▒▒ ▒..
.▒ .▒..▒ .. .
L ▒.3▒▒▒ ▒...
... ▒▒3.n▒
▒...▒.▒....▒3▒
▒ . ▒.......2▒
..▒ ▒▒▒...▒..▒
▒.. ...▒.▒.▒▒
▒▒..▒.▒.. ..▒
.▒.▒. .. . ▒


You could see a lich, 2 sixfirhies, a friendly balrug (summoned) and a friendly
neqoxec (summoned).


Message History

You freeze the sixfirhy.
You kill the sixfirhy!
Makhleb accepts your kill.
The sixfirhy hits you but does no damage.
The sixfirhy closely misses you.
Your neqoxec hits the lich but does no damage.
Your neqoxec hits the lich but does no damage.
You barely miss the sixfirhy.
The sixfirhy hits you but does no damage.
The sixfirhy closely misses you.
Unknown command.
You miss the sixfirhy. The sixfirhy hits you.
* * * LOW HITPOINT WARNING * * *
The sixfirhy shocks you!
* * * LOW HITPOINT WARNING * * *
The sixfirhy barely misses you.
Your neqoxec hits the lich!
Your neqoxec barely misses the lich.
The lich touches something!
Your neqoxec closely misses the lich.
Use which ability? (? or * to list)
You can no longer summon a greater servant of Makhleb.
The sixfirhy misses you. The lich touches your neqoxec.
You closely miss the sixfirhy. The sixfirhy hits you!
* * * LOW HITPOINT WARNING * * *
The sixfirhy shocks you!
You die...

Action                   |  1- 3 |  4- 6 |  7- 9 | 10-12 | 13-15 || total
-------------------------+-------+-------+-------+-------+-------++-------
Melee: Dagger            |   130 |       |       |       |       ||   130
       Flail             |    41 |   131 |    61 |       |       ||   233
       Punch             |       |     1 |       |       |       ||     1
       Halberd           |       |       |   163 |   446 |   254 ||   863
 Fire: Shortbow          |       |    20 |       |       |       ||    20
Invok: Minor Destruction |       |       |     2 |     7 |     6 ||    15
       Lesser Servant of |       |       |       |     8 |     8 ||    16
       Greater Servant o |       |       |       |       |     1 ||     1
Evoke: Wand              |       |       |       |     3 |       ||     3
  Use: Scroll            |       |       |       |    11 |     7 ||    18
       Potion            |       |       |       |       |     1 ||     1
 Stab: Sleeping          |     3 |     4 |     6 |     7 |       ||    20
       Distracted        |       |       |       |       |     1 ||     1
Armor: Robe              |     8 |       |       |       |       ||     8
       Leather armour    |    58 |    55 |    95 |    94 |    45 ||   347
Dodge: Dodged            |   184 |   140 |   161 |   205 |   100 ||   790

Levels and vault maps discovered:
D:1:      minmay_arrival_diagonal_passages, layout_basic,
          ebering_ecumenical_altar_webs, serial_aquarium,
          aquarium_bridge_straight [aquarium_subvault_bridge,
          aquarium_subvault_window, aquarium_subvault_bridge,
          aquarium_subvault_balcony], aquarium_bridge_long_separate
          [aquarium_subvault_balcony, aquarium_subvault_bridge,
          aquarium_subvault_bridge, aquarium_subvault_window,
          aquarium_subvault_bridge, aquarium_subvault_bridge],
          aquarium_window_1, aquarium_window_fake, aquarium_window_3,
          aquarium_window_fake, aquarium_view_2d, aquarium_pool_2
D:2:      layout_basic, basic_altar, minmay_misc_feat_tiny, uniq_sigmund
D:3:      layout_loops_cross, serial_shops, nicolae_shop_hallway_stairs,
          nicolae_diamond_shop, shop, shop, corexii_leaking_fountain
D:4:      kb_forest_paths, layout_basic, uniq_natasha
D:5:      layout_loops_ring, uniq_blork_the_orc
D:6:      layout_layer_cave, temple_pool_b, uniq_eustachio, uniq_duvessa
D:7:      layout_rooms, grunt_temple_overflow_open, serial_shops,
          nicolae_shop_overgrown_old_shop
D:8:      layout_loops_ring, serial_shops, nicolae_inconvenience_store
D:9:      layout_roguey, yredelemnul_altar_generic, uniq_harold, uniq_maurice,
          uniq_psyche
D:10:     layout_basic, kennysheep_vampire_church, amcnicky_altar_gilded,
          erik_lair_orcish_takeover, minivault_14
D:11:     layout_roguey, hiddenorc1_lemuel
D:12:     layout_basic
D:13:     layout_long_grid, david_vaults_4
D:14:     layout_irregular_city, nicolae_hepliaklqana_hippocampus
D:15:     gammafunk_enter_depths_forms, layout_irregular_city,
          minmay_misc_feat_enclosed, laboratory
Abyss:2:  base: D:14, base: D:15, hangedman_abyss_or_decor_passed

Notes
Turn   | Place    | Note
-------+----------+-------------------------------------------
     0 | D:1      | sanka the Ghoul Enchanter began the quest for the Orb.
     0 | D:1      | Reached XP level 1. HP: 14/14 MP: 2/2
   216 | D:1      | Reached skill level 1 in Fighting
   488 | D:1      | Reached XP level 2. HP: 24/24 MP: 3/3
   514 | D:1      | Reached skill level 2 in Fighting
   929 | D:1      | Found a faded altar of an unknown god.
  1093 | D:1      | Reached XP level 3. HP: 30/30 MP: 4/4
  1274 | D:2      | Reached skill level 3 in Fighting
  1604 | D:2      | Found a burning altar of Makhleb.
  1616 | D:2      | Became a worshipper of Makhleb the Destroyer
  1706 | D:2      | Noticed Sigmund
  2345 | D:2      | Reached XP level 4. HP: 40/40 MP: 5/5
  2539 | D:3      | Reached skill level 4 in Fighting
  2700 | D:3      | Found Seosuyna's Book Shop.
  2750 | D:3      | Found Oqagrett's Antique Weapon Boutique.
  2954 | D:3      | Found Akogg's Assorted Antiques.
  3014 | D:3      | Found Jianawag's Antique Weapon Shop.
  3184 | D:4      | Noticed a scorpion
  3213 | D:3      | Killed a scorpion
  3214 | D:3      | Reached skill level 5 in Fighting
  3214 | D:3      | Reached XP level 5. HP: 23/48 MP: 6/6
  3389 | D:3      | Reached * piety under Makhleb
  3618 | D:4      | Reached skill level 6 in Fighting
  3927 | D:4      | Reached XP level 6. HP: 40/58 MP: 7/7
  4231 | D:4      | Reached skill level 7 in Fighting
  4426 | D:4      | Noticed Natasha
  4436 | D:4      | Killed Natasha
  4692 | D:4      | Reached XP level 7. HP: 66/66 MP: 8/8
  4698 | D:4      | Reached skill level 1 in Invocations
  4701 | D:4      | Reached skill level 1 in Armour
  4857 | D:4      | Reached skill level 2 in Invocations
  5125 | D:4      | Noticed Natasha
  5134 | D:4      | Killed Natasha
  5217 | D:5      | Entered Level 5 of the Dungeon
  5258 | D:5      | Reached skill level 8 in Fighting
  5258 | D:5      | Reached skill level 2 in Armour
  5399 | D:3      | Bought a polished halberd for 234 gold pieces
  5399 | D:3      | Identified the +7 halberd of Feicaux {freeze, rPois Int+3
                  | SInv} (You bought it in a shop on level 3 of the Dungeon)
  5479 | D:4      | Reached skill level 1 in Polearms
  5504 | D:5      | Reached skill level 2 in Polearms
  5504 | D:5      | Reached XP level 8. HP: 74/74 MP: 9/9
  5563 | D:5      | Noticed Blork the orc
  5568 | D:5      | Killed Blork the orc
  5569 | D:5      | Reached skill level 3 in Polearms
  5743 | D:5      | Reached skill level 4 in Polearms
  6196 | D:6      | Found a staircase to the Ecumenical Temple.
  6314 | D:6      | Reached skill level 5 in Polearms
  6315 | D:6      | Reached ** piety under Makhleb
  6547 | D:6      | Reached skill level 6 in Polearms
  6574 | D:6      | Reached XP level 9. HP: 81/81 MP: 10/10
  6677 | D:6      | Noticed Eustachio
  6696 | D:6      | Killed Eustachio
  6697 | D:6      | Reached skill level 7 in Polearms
  7088 | D:6      | Noticed Duvessa
  7090 | D:6      | Noticed Dowan
  7106 | D:6      | Killed Duvessa
  7121 | D:6      | Killed Dowan
  7327 | D:7      | Found Hywaypoi's Assorted Antiques.
  7351 | D:7      | Reached skill level 8 in Polearms
  7361 | D:7      | Found an ornate altar of the Wu Jian Council.
  7362 | D:7      | Found a shimmering altar of Xom.
  7362 | D:7      | Found a burning altar of Makhleb.
  7364 | D:7      | Found a sacrificial altar of Ru.
  7371 | D:7      | Found a radiant altar of Vehumet.
  7371 | D:7      | Found a snail-covered altar of Cheibriados.
  7468 | D:7      | Reached skill level 9 in Polearms
  7483 | D:7      | Found an opulent altar of Gozag.
  7942 | D:8      | Reached skill level 10 in Polearms
  7942 | D:8      | Reached XP level 10. HP: 88/88 MP: 11/11
  7973 | D:8      | Reached *** piety under Makhleb
  8025 | D:8      | Noticed a two-headed ogre
  8033 | D:8      | Killed a two-headed ogre
  8314 | D:8      | Reached skill level 11 in Polearms
  8406 | D:8      | Found Pemiblil's Armour Shop.
  8879 | D:9      | Noticed Maurice
  8890 | D:9      | Killed Maurice
  9038 | D:9      | Noticed a two-headed ogre
  9044 | D:9      | Killed a two-headed ogre
  9045 | D:9      | Reached skill level 12 in Polearms
  9122 | D:9      | Noticed Psyche
  9133 | D:9      | Killed Psyche
  9208 | D:9      | Found a basalt altar of Yredelemnul.
  9253 | D:9      | Noticed Harold
  9260 | D:9      | Killed Harold
  9261 | D:9      | Reached skill level 13 in Polearms
  9261 | D:9      | Reached XP level 11. HP: 64/94 MP: 12/12
  9584 | D:10     | Entered Level 10 of the Dungeon
  9596 | D:10     | Found a staircase to the Lair.
  9612 | D:10     | Noticed a two-headed ogre
  9631 | D:10     | Killed a two-headed ogre
  9632 | D:10     | Reached **** piety under Makhleb
 10344 | D:10     | Found an ancient bone altar of Kikubaaqudgha.
 10476 | D:10     | Noticed a two-headed ogre
 10479 | D:10     | Found a shadowy altar of Dithmenos.
 10492 | D:10     | Killed a two-headed ogre
 10493 | D:10     | Reached skill level 14 in Polearms
 11112 | D:11     | Noticed a two-headed ogre
 11120 | D:11     | Killed a two-headed ogre
 11237 | D:11     | Noticed a two-headed ogre
 11241 | D:11     | Killed a two-headed ogre
 11242 | D:11     | Reached skill level 15 in Polearms
 11446 | D:11     | Reached ***** piety under Makhleb
 11570 | D:11     | Noticed a manticore
 11578 | D:11     | Reached XP level 12. HP: 101/101 MP: 13/13
 11770 | D:11     | Found a staircase to the Orcish Mines.
 12258 | D:12     | Reached skill level 16 in Polearms
 12258 | D:12     | Reached skill level 3 in Invocations
 12384 | D:12     | Reached skill level 4 in Invocations
 12655 | D:13     | Noticed a six-headed hydra
 12671 | D:13     | Noticed a centaur warrior
 12674 | D:13     | Killed a six-headed hydra
 12675 | D:13     | Reached skill level 5 in Invocations
 12680 | D:13     | Killed a centaur warrior
 12682 | D:13     | Reached skill level 6 in Invocations
 12711 | D:13     | Noticed a two-headed ogre
 12718 | D:13     | Killed a two-headed ogre
 12784 | D:13     | Reached skill level 7 in Invocations
 12798 | D:13     | Found a gate to the Vaults.
 12852 | D:13     | Noticed an iron troll
 12872 | D:13     | Killed an iron troll
 12873 | D:13     | Reached skill level 8 in Invocations
 13204 | D:13     | Noticed a four-headed hydra
 13217 | D:13     | Killed a four-headed hydra
 13411 | D:13     | Noticed a centaur warrior
 13436 | D:13     | Killed a centaur warrior
 13437 | D:13     | Reached skill level 9 in Invocations
 13686 | D:13     | Noticed a two-headed ogre
 13694 | D:13     | Killed a two-headed ogre
 13695 | D:13     | Reached skill level 10 in Invocations
 13695 | D:13     | Reached XP level 13. HP: 107/107 MP: 19/19
 14084 | D:14     | Reached skill level 11 in Invocations
 14621 | D:14     | Identified the +2 trident "Vifreud" {drain, Drain rElec
                  | rPois Str+5}
 14666 | D:14     | Found a hazy altar of Hepliaklqana.
 15024 | D:15     | Entered Level 15 of the Dungeon
 15083 | D:15     | Reached skill level 12 in Invocations
 15275 | D:15     | Noticed a rakshasa
 15300 | D:15     | Killed a rakshasa
 15326 | D:15     | Noticed a rakshasa
 15340 | D:15     | Killed a rakshasa
 15341 | D:15     | Reached skill level 13 in Invocations
 15726 | D:15     | Reached skill level 14 in Invocations
 16123 | Abyss:2  | Cast into level 2 of the Abyss (a wizard)
 16124 | Abyss:2  | Found a corrupted altar of Lugonu.
 16393 | Abyss:2  | Reached skill level 15 in Invocations
 16453 | Abyss:2  | Noticed a starcursed mass
 16555 | Abyss:2  | Noticed a starcursed mass
 16563 | Abyss:2  | Reached XP level 14. HP: 74/115 MP: 24/24
 16587 | Abyss:2  | Noticed a lich
 16603 | Abyss:2  | HP: 11/115 [sixfirhy[a cacodemon] (11)]
 16603 | Abyss:2  | Slain by a sixfirhy

Vanquished Creatures
  2 rakshasas (D:15)
  2 ogre magi (D:15)
  A hydra (D:13)
  Harold (D:9)
  3 centaur warriors
  11 two-headed ogres
  A wretched star (Abyss:2)
  A shadow wraith (D:13)
  A sixfirhy (Abyss:2)
  A glowing orange brain (D:15)
  A starcursed mass (Abyss:2)
  2 deep elf pyromancers
  3 ugly things (D:15)
  3 cyclopes
  3 manticores
  Maurice (D:9)
  3 smoke demons (Abyss:2)
  A kobold demonologist (D:12)
  2 unseen horrors
  Psyche (D:9)
  A freezing wraith (D:15)
  A gargoyle (D:12)
  A bunyip simulacrum (Abyss:2)
  6 trolls
  A meliai (shapeshifter) (D:14)
  A queen bee (shapeshifter) (D:13)
  A raiju (Abyss:2)
  12 slime creatures
  4 large abominations (Abyss:2)
  2 shadows (D:11)
  A vampire (D:11)
  A ynoxinul (Abyss:2)
  A wyvern (D:8)
  Eustachio (D:6)
  11 yaks
  8 vampire mosquitoes
  A chaos spawn (Abyss:2)
  3 wargs (D:10)
  2 water moccasins
  An acid dragon (D:12)
  4 hell hounds (Abyss:2)
  Duvessa (D:6)
  3 sky beasts
  An ice beast (D:7)
  3 orc warriors
  A black bear (D:8)
  2 small abominations (Abyss:2)
  8 ogres
  5 centaurs
  Blork the orc (D:5)
  2 phantoms
  4 bullfrogs
  4 kobold brigands
  7 scorpions
  2 necrophages
  A gnoll sergeant (D:10)
  11 wights
  13 killer bees
  Dowan (D:6)
  A howler monkey (D:7)
  3 electric eels
  A vampire bat (D:10)
  2 hounds
  10 orc priests
  11 orc wizards
  Natasha (twice) (D:4)
  2 iguanas
  4 gnolls (D:10)
  7 adders
  A shadow imp (D:5)
  2 white imps
  An ufetubus (D:5)
  2 dart slugs
  53 orcs
  3 bats
  3 bat skeletons (D:10)
  3 bat zombies (D:10)
  7 endoplasms
  4 giant cockroaches
  5 hobgoblins
  26 kobolds
  A quokka (D:3)
  6 ball pythons
  5 frilled lizards
  11 goblins
  9 rats
363 creatures vanquished.

Vanquished Creatures (collateral kills)
  2 hydras
  A two-headed ogre (D:13)
  An iron troll (D:13)
  2 starcursed masses (Abyss:2)
  A centaur (D:13)
  A howler monkey (D:13)
8 creatures vanquished.

Vanquished Creatures (others)
  A gnoll (D:10)
  2 plants
3 creatures vanquished.

Grand Total: 374 creatures vanquished
